 Dungeon Crawl Stone Soup version 0.25.1-2-g60ff931df9 (console) character file.

Game seed: 17446824263051168704

6935 Colgate the Slinger (level 11, -10/83 (84) HPs)
             Began as a Ghoul Gladiator on Aug 9, 2020.
             Was a Priest of Fedhas.
             Mangled by a hellwing (13 damage)
             ... on level 9 of the Dungeon on Aug 10, 2020.
             The game lasted 01:40:23 (10144 turns).

Colgate the Slinger (Ghoul Gladiator)              Turns: 10144, Time: 01:40:23

HP:   -10/83 (84)   AC: 19    Str: 20    XL:     11   Next: 7%
MP:   11/11         EV: 15    Int:  3    God:    Fedhas [***...]
Gold: 96            SH:  0    Dex: 12    Spells: 10/10 levels left

rFire    . . .     SeeInvis .     - Unarmed
rCold    + + .     Gourm    .   (no shield)
rNeg     + + +     Faith    .   S - +2 scale mail {rPois}
rPois    ∞         Spirit   .   g - +1 helmet
rElec    .         Reflect  .   C - +2 cloak
rCorr    .         Harm     .   Q - +3 pair of gloves of Akhlaythru {rC+}
MR       .....                  x - +0 pair of boots
Stlth    ..........             E - amulet of magic regeneration
HPRegen  0.00/turn              t - +4 ring of evasion
MPRegen  0.37/turn              (no ring)

@: rotting
A: rotting body, claws 1, carnivore, cold resistance 1, negative energy
resistance 3, inhibited regeneration, torment resistance, unbreathing
a: Wall of Briars, Grow Ballistomycete, Renounce Religion


You were on level 9 of the Dungeon.
You worshipped Fedhas.
Fedhas was most pleased with you.
You were not hungry.

You visited 1 branch of the dungeon, and saw 9 of its levels.
You also visited: Sewer.

You collected 582 gold pieces.
You spent 486 gold pieces at shops.

Inventory:

Hand Weapons
 b - a +1 hunting sling of freezing
 I - a +2 shortbow of flaming
Missiles
 h - 284 stones
 m - 190 arrows
 p - 39 bolts
 B - 28 sling bullets
 H - 48 poisoned darts (quivered)
Armour
 e - a +0 leather armour
 g - a +1 helmet (worn)
 i - a +0 robe
 x - a +0 pair of boots (worn)
 y - a +0 ring mail
 C - a +2 cloak (worn)
 N - a +0 plate armour
 Q - the +3 pair of gloves of Akhlaythru (worn) {rC+}
   (You bought it in a shop on level 8 of the Dungeon)

   It protects you from cold.
 S - a +2 scale mail of poison resistance (worn)
Jewellery
 t - a +4 ring of evasion (left hand)
 E - an amulet of magic regeneration (around neck)
Wands
 f - a wand of flame (13)
 u - a wand of paralysis (17)
 F - a wand of digging (7)
 K - a wand of enslavement (5)
 R - a wand of iceblast (8)
 T - a wand of random effects (31)
Scrolls
 a - a scroll of immolation {unknown}
 c - 2 scrolls of identify
 k - 2 scrolls of enchant weapon
 q - 9 scrolls of remove curse
 r - a scroll of blinking {unknown}
 s - 3 scrolls of teleportation
 w - a scroll of fear {unknown}
 D - 2 scrolls of magic mapping
 G - 2 scrolls of fog {unknown}
 J - a scroll of enchant armour
 O - a scroll of acquirement {unknown}
 P - a scroll of amnesia
 U - a scroll of silence {unknown}
 V - a scroll of noise {unknown}
Potions
 j - 3 potions of degeneration
 l - 2 potions of curing
 n - a potion of heal wounds
 o - 3 potions of brilliance
 v - a potion of resistance
 z - a potion of lignification
 A - 5 potions of flight
 M - 3 potions of ambrosia {unknown}
Comestibles
 d - 18 rations


   Skills:
 + Level 4.2 Fighting
 - Level 13.0 Slings
 - Level 1.7 Bows
 - Level 1.7(8.7) Throwing
 - Level 3.0 Armour
 - Level 3.0 Dodging
 - Level 6.1 Unarmed Combat
 - Level 2.1 Evocations


You had 10 spell levels left.
You didn't know any spells.
Your spell library contained the following spells:

 Spells                   Type           Power        Failure   Level  Hunger
 Shock                    Conj/Air       #...         86%         1    ##.....
 Swiftness                Chrm/Air       #.......     95%         2    ###....
 Static Discharge         Conj/Air       #.......     99%         3    ####...
 Airstrike                Air            #.........   100%        4    #####..
 Lightning Bolt           Conj/Air       #.........   100%        5    ######.


Dungeon Overview and Level Annotations

Branches:
Dungeon (9/15)             Temple (0/1) D:5             Orc (0/2) D:9
  Sewer (visited)
   Lair: D:8-11

Altars:
Cheibriados
Elyvilon
Fedhas
Hepliaklqana
Makhleb
Okawaru
Qazlal
Sif Muna
Uskayaw
Vehumet
Xom
Yredelemnul
Zin

Shops:
D:6 *   D:8 [


Innate Abilities, Weirdness & Mutations

Your body is rotting away.
You thrive on raw meat.
You are immune to poison.
You have sharp fingernails.
You are carnivorous and can eat meat at any time.
Your flesh is cold resistant. (rC+)
You are immune to negative energy. (rN+++)
You do not regenerate when monsters are visible.
You are immune to unholy pain and torment.
You can survive without breathing.


Message History

The hellwing is heavily wounded.
The hellwing misses you. x2
You hit the hellwing but do no damage.
The hellwing is heavily wounded.
You hit the hellwing.
The hellwing is heavily wounded.
The hellwing barely misses you.
The hellwing hits you but does no damage.
You closely miss the hellwing.
The hellwing is heavily wounded.
The hellwing closely misses you. x2
You hit the hellwing but do no damage.
The hellwing is heavily wounded.
The hellwing hits you but does no damage.
The hellwing barely misses you.
You closely miss the hellwing.
The hellwing is heavily wounded.
The hellwing hits you!
You die...
Fedhas appreciates your contribution to the ecosystem.

#.##.##############.########)#
#.#....# #####.#......#.###
#.#....#### #...#.#.####.#....
##.#.......#####.#.#....###.####.
.........................<.......
...#..####.#.##..#.###..######.#.
.#....####.#.##..#.........# #.#.
.#.......#<...#..######....###.#.
>..............................#.
.......#.#...........#.#.#.##..#.
.....#.#.#######@....#...#.##..#.
..............##.4...#.###.##..#.
.....#........##((...#.# #.#.....
..............##.....#)# #.#.....
.....#####......(......# #.#.....
.....# #...........>.# #.#....#
###### #.......(####.# #.###...
## #......(.......##.# ##.. .#
#..............##.###... .#######
#..............##.....#. .......#
#..............########.


You could see a hellwing.

Vanquished Creatures
  Maurice (D:9)
  A centaur zombie (D:9)
  Joseph (D:8)
  2 centaur skeletons (D:9)
  A hellwing (D:9)
  The ghost of flea the Jinx, a novice SpEn of Dithmenos (D:5)
  2 hippogriffs
  A meliai zombie (D:9)
  A wyvern (D:8)
  A spriggan (D:8)
  A hungry ghost (D:7)
  A steam dragon (D:9)
  2 orc warriors
  4 ice beasts
  3 phantoms
  A necrophage (D:9)
  An eye of draining (D:8)
  2 ogres (D:4)
  3 wolves (D:9)
  2 centaurs
  A big kobold (D:8)
  4 bullfrogs
  3 wyvern zombies
  4 scorpions
  10 wights (D:8)
  5 killer bees (D:8)
  A howler monkey (D:9)
  2 crimson imps
  4 hounds
  2 jellies (D:9)
  3 orc wizards
  Crazy Yiuf (D:5)
  2 orc priests
  2 iguanas (D:5)
  5 worker ants
  A hound skeleton (D:6)
  A worker ant zombie (D:8)
  Robin (D:3)
  A gnoll (D:1)
  11 adders
  4 shadow imps
  11 oozes (Sewer)
  2 worms
  2 dart slugs
  8 leopard geckos
  22 orcs
  11 ball pythons (Sewer)
  6 bats
  14 giant cockroaches
  12 goblins
  8 hobgoblins
  5 jackals
  10 kobolds
  3 quokkas
  8 frilled lizards
  A leopard gecko zombie (D:7)
  6 rats
229 creatures vanquished.

Vanquished Creatures (collateral kills)
  Grum (D:9)
  A wight (D:8)
  An orc (D:8)
3 creatures vanquished.

Vanquished Creatures (others)
  A wolf (D:9)
  A centaur (D:8)
  2 wights (D:8)
  A frilled lizard (D:4)
  4 withered plants (D:9)
9 creatures vanquished.

Grand Total: 241 creatures vanquished

Notes
Turn   | Place    | Note
-------+----------+-------------------------------------------
     0 | D:1      | Colgate the Ghoul Gladiator began the quest for the Orb.
     0 | D:1      | Reached XP level 1. HP: 17/17 MP: 0/0
    12 | D:1      | Reached XP level 2. HP: 21/24 MP: 1/1
   280 | D:1      | Reached XP level 3. HP: 29/29 MP: 2/2
   724 | D:2      | Found a blossoming altar of Fedhas.
   875 | D:2      | Became a worshipper of Fedhas Madash
   990 | D:2      | Found a glowing silver altar of Zin.
   991 | D:2      | Found a radiant altar of Vehumet.
  1296 | D:3      | Noticed Robin
  1325 | D:3      | Reached skill level 5 in Unarmed Combat
  1332 | D:3      | Killed Robin
  1332 | D:3      | Reached XP level 4. HP: 20/36 MP: 3/3
  1333 | D:3      | Found a snail-covered altar of Cheibriados.
  1359 | D:3      | Reached skill level 1 in Slings
  1410 | D:3      | Reached * piety under Fedhas
  1431 | D:3      | Reached skill level 2 in Slings
  1465 | D:3      | Reached XP level 5. HP: 41/41 MP: 4/4
  1555 | D:3      | Found a glowing drain.
  1604 | Sewer    | Entered a sewer
  1836 | Sewer    | Reached skill level 3 in Slings
  1854 | Sewer    | Reached ** piety under Fedhas
  2147 | Sewer    | Reached XP level 6. HP: 44/48 MP: 5/5
  2218 | Sewer    | Reached skill level 4 in Slings
  2645 | D:3      | Found a burning altar of Makhleb.
  2729 | D:3      | Found a shimmering altar of Xom.
  2729 | D:3      | Found an iron altar of Okawaru.
  2732 | D:3      | Found a burning altar of Makhleb.
  2983 | D:4      | Found a white marble altar of Elyvilon.
  3181 | D:4      | Noticed a phantom
  3208 | D:4      | Killed a phantom
  3208 | D:4      | Reached *** piety under Fedhas
  3208 | D:4      | Reached skill level 5 in Slings
  3208 | D:4      | Reached XP level 7. HP: 46/55 MP: 6/6
  3565 | D:4      | Reached skill level 1 in Evocations
  3666 | D:4      | Reached skill level 1 in Armour
  3856 | D:5      | Entered Level 5 of the Dungeon
  3924 | D:5      | Found a runed translucent door.
  3925 | D:5      | Noticed Crazy Yiuf
  3935 | D:5      | Killed Crazy Yiuf
  4037 | D:5      | Reached skill level 6 in Slings
  4191 | D:5      | Found a runed translucent door.
  4195 | D:5      | Noticed flea's ghost (novice SpEn)
  4236 | D:5      | Killed flea's ghost
  4236 | D:5      | Reached XP level 8. HP: 45/61 MP: 8/8
  4328 | D:5      | Reached skill level 7 in Slings
  4410 | D:5      | Found a staircase to the Ecumenical Temple.
  4478 | D:5      | Found a hazy altar of Hepliaklqana.
  4884 | D:6      | Found a stormy altar of Qazlal.
  4915 | D:6      | Found Zufamoezeur's General Store.
  4924 | D:6      | Bought a scroll of enchant armour for 90 gold pieces
  5191 | D:6      | Reached skill level 8 in Slings
  5605 | D:7      | Reached skill level 9 in Slings
  5605 | D:7      | Reached XP level 9. HP: 67/67 MP: 9/9
  6022 | D:7      | Noticed a +0 dagger
  6022 | D:7      | Noticed a +0 hand axe
  6025 | D:7      | Found a hide-covered altar of Uskayaw.
  6189 | D:7      | Found a shimmering blue altar of Sif Muna.
  6471 | D:8      | Reached skill level 10 in Slings
  6667 | D:8      | Reached skill level 1 in Bows
  6736 | D:8      | Reached **** piety under Fedhas
  7113 | D:8      | Found Agappus's Antique Armour Emporium.
  7118 | D:8      | Bought a pair of fading gloves for 228 gold pieces
  7128 | D:8      | Identified the +3 pair of gloves of Akhlaythru {rC+} (You
                  | bought it in a shop on level 8 of the Dungeon)
  7225 | D:8      | Bought a shiny scale mail for 168 gold pieces
  7418 | D:8      | Reached XP level 10. HP: 77/77 MP: 10/10
  8244 | D:9      | Noticed Joseph
  8337 | D:8      | Reached skill level 11 in Slings
  8723 | D:8      | Killed Joseph
  8978 | D:9      | Found a staircase to the Orcish Mines.
  9031 | D:9      | Reached ***** piety under Fedhas
  9133 | D:9      | Noticed Grum
  9161 | D:9      | Found a basalt altar of Yredelemnul.
  9167 | D:9      | Killed Grum
  9215 | D:9      | Reached skill level 12 in Slings
  9790 | D:9      | Noticed Maurice
  9801 | D:9      | Killed Maurice
  9801 | D:9      | Reached skill level 13 in Slings
  9801 | D:9      | Reached XP level 11. HP: 84/84 MP: 6/11
 10137 | D:9      | HP: 3/83 [hellwing (4)]
 10144 | D:9      | Mangled by a hellwing

Illustrated notes

Levels and vault maps discovered:
D:1:      lightli_arrival_maybe_door_vault, layout_rooms, minivault_25
D:2:      layout_basic, lemuel_crystal_altar, gammafunk_temple_overflow_statue
D:3:      layout_loops_ring, minitemple, cheibriados_altar_1,
          gup_sewer_entry_bubbles, minmay_hedge_maze,
          makhleb_blood_cavern_becter, uniq_robin
D:4:      layout_cave_pods, minmay_misc_feat_room,
          chequers_serial_rivers_small_b, elyvilon_altar_4
D:5:      layout_basic, lemuel_doored_altar, minmay_temple_entry_purple_smoke,
          first_ration, ebering_ghost_sewer_d, dk_vineyard_3,
          uniq_crazy_yiuf_cottage
D:6:      layout_loops_cross, overflow_temple_1_default, serial_shops, shop
D:7:      layout_loops_ring, lemuel_blue_sif_altar, dancing_weapons_uskayaw
D:8:      layout_basic, serial_shops, nicolae_shop_crystal, grunt_pizzeria
D:9:      cheibrodos_grave_circle, layout_basic, yredelemnul_altar_generic,
          orc_0_dummy, uniq_grum, uniq_joseph, uniq_maurice

Skill      XL: |  1  2  3  4  5  6  7  8  9 10 11 |
---------------+----------------------------------+-----
Unarmed Combat | 4 5 6 |  6.1
Dodging        | 3 |  3.0
Slings         | 2 3 5 6 9 10 13 | 13.0
Evocations     | 2 |  2.1
Armour         | 1 2 3 |  3.0
Bows           | 1 |  1.7
Fighting       | 4 |  4.2
Throwing       | |  1.7

Action                   |  1- 3 |  4- 6 |  7- 9 | 10-12 || total
-------------------------+-------+-------+-------+-------++-------
Melee: Unarmed           |    53 |   114 |   227 |   313 ||   707
       Punch             |     1 |     2 |     6 |     8 ||    17
 Fire: Hunting sling     |    61 |   127 |   144 |   152 ||   484
       Shortbow          |       |       |    12 |       ||    12
Throw: Throwing net      |     2 |     2 |     7 |       ||    11
       Stone             |     3 |     3 |     3 |       ||     9
       Dart              |       |       |     3 |     5 ||     8
Invok: Wall of Briars    |       |       |       |    11 ||    11
Evoke: Wand              |       |    18 |    15 |     9 ||    42
  Use: Scroll            |     6 |       |     7 |     1 ||    14
       Potion            |       |       |     2 |     1 ||     3
 Stab: Held in net/web   |       |       |     1 |       ||     1
  Eat: Chunk             |     1 |     7 |    10 |    16 ||    34
       Ration            |       |       |     2 |       ||     2
Armor: Leather armour    |    11 |    23 |       |       ||    34
       Ring mail         |       |     2 |    42 |       ||    44
       Scale mail        |       |       |     5 |   187 ||   192
Dodge: Dodged            |    33 |   106 |   110 |   303 ||   552
